[Event "Team 45 45 League T53"]
[Site "Internet Chess Club"]
[Date "2012.06.09"]
[Round "4"]
[White "calily"]
[Black "krysto"]
[Result "1/2-1/2"]
[WhiteElo "1674"]
[BlackElo "1582"]
[Opening "French: exchange variation"]
[ECO "C01"]
[Time "10:12:25"]
[TimeControl "2700+45"]

1. e4 e6 2. d4 d5 3. exd5 exd5 4. Bd3 Bd6 5. Nf3 Nf6 6. O-O O-O 7. Bg5 Bg4 8.
Nbd2 Nbd7 9. h3 Bh5 10. Re1 c6 11. Rc1 h6 12. Bh4 Qc7 13. c4 Rfe8 14. Qc2 Bxf3
15. Bxf6 Nxf6 16. Nxf3 Rxe1+ 17. Rxe1 dxc4 18. Bxc4 Qd7 19. Ne5 Bxe5 20. dxe5
Nd5 21. Qd3 Rd8 22. Rd1 Kh8 23. Bxd5 Qxd5 24. Qxd5 cxd5 25. f4 Kg8 26. Kf2 Kf8
27. Ke3 Ke7 28. g4 Ke6 29. Kd4 g6 30. Rc1 Rd7 31. b4 f6 32. exf6 Kxf6 33. Re1
Rc7 34. Kxd5 Rc3 35. h4 Rd3+ 36. Ke4 Rd2 37. g5+ hxg5 38. hxg5+ Kf7 39. a3 Ra2
40. Re3 Rc2 41. Kd4 Rc7 42. a4 a6 43. Re5 b6 44. f5 gxf5 45. Rxf5+ Kg7 46. Rf6
b5 47. Rxa6 Rc4+ 48. Kd5 Rxb4 49. a5 Rg4 50. g6 b4 51. Rb6 Rg5+ 52. Kc4 Rxa5 53.
Kxb4 Rg5 {Game drawn by mutual agreement} 1/2-1/2

[Event "Team 45 45 League T53"]
[Site "Internet Chess Club"]
[Date "2012.06.10"]
[Round "4"]
[White "milesotoole"]
[Black "PANAMA-REY"]
[Result "1-0"]
[WhiteElo "1584"]
[BlackElo "1518"]
[Opening "French: Tarrasch, open variation"]
[ECO "C07"]
[Time "22:03:50"]
[TimeControl "2700+45"]

1. d4 d5 2. e4 e6 3. Nd2 c5 4. Ngf3 dxe4 5. Nxe4 Nc6 6. Bd3 cxd4 7. Nxd4 Nxd4 8.
O-O Nc6 9. Qf3 Ne5 10. Bb5+ Nd7 11. Rd1 Nf6 12. Bg5 Be7 13. Bxf6 gxf6 14. Nd6+
Bxd6 15. Rxd6 Qe7 16. Rad1 a6 17. Bxd7+ Bxd7 18. Rxd7 Qc5 19. Qxb7 O-O 20. Rc7
Qh5 21. Rcd7 Rfb8 22. Qe4 Rxb2 23. Qxa8+ {Black resigns} 1-0

[Event "Team 45 45 League T53"]
[Site "Internet Chess Club"]
[Date "2012.06.10"]
[Round "4"]
[White "Ptzz"]
[Black "chesswooog"]
[Result "0-1"]
[WhiteElo "2052"]
[BlackElo "2093"]
[Opening "QGD: exchange, positional line"]
[ECO "D35"]
[Time "02:20:02"]
[TimeControl "2700+45"]

1. c4 e6 2. d4 d5 3. Nc3 Nf6 4. cxd5 exd5 5. Bg5 Be7 6. e3 O-O 7. Qc2 Be6 8. Bd3
Nbd7 9. Nf3 h6 10. Bf4 c5 11. O-O Rc8 12. Bf5 a6 13. Rfd1 b5 14. dxc5 Nxc5 15.
Bxe6 Nxe6 16. Qf5 Nxf4 17. Qxf4 b4 18. Ne2 Rc2 19. Rd2 Qc8 20. Qd4 Ne4 21. Rxc2
Qxc2 22. Kf1 Bf6 23. Qxb4 Bxb2 24. Ne1 Qd2 {White resigns} 0-1

[Event "Team 45 45 League T53"]
[Site "Internet Chess Club"]
[Date "2012.06.10"]
[Round "4"]
[White "filiusdextris"]
[Black "Jack-ONeill"]
[Result "0-1"]
[WhiteElo "2004"]
[BlackElo "2107"]
[Opening "Sicilian: closed, 6.f4"]
[ECO "B25"]
[Time "14:05:12"]
[TimeControl "2700+45"]

1. e4 c5 2. Nc3 g6 3. g3 Bg7 4. Bg2 Nc6 5. d3 d6 6. f4 f5 7. Nf3 Nf6 8. O-O O-O
9. Kh1 Kh8 10. Be3 Be6 11. Qd2 Qd7 12. Rae1 Rae8 13. Re2 fxe4 14. dxe4 Bc4 15.
e5 dxe5 16. Nxe5 Qxd2 17. Rxd2 Bxf1 18. Nxc6 Bxg2+ {White resigns} 0-1

[Event "Team 45 45 League T53"]
[Site "Internet Chess Club"]
[Date "2012.06.09"]
[Round "4"]
[White "PandorasBox"]
[Black "Holzschlange"]
[Result "1/2-1/2"]
[WhiteElo "1875"]
[BlackElo "1825"]
[Opening "English opening"]
[ECO "A13"]
[Time "17:33:36"]
[TimeControl "2700+45"]

1. c4 e6 2. g3 Nf6 3. Bg2 d5 4. Nf3 c5 5. O-O Nc6 6. cxd5 exd5 7. d3 Be7 8. b3
O-O 9. Bb2 Bg4 10. Nbd2 Rc8 11. h3 Bh5 {Game drawn by mutual agreement} 1/2-1/2

[Event "Team 45 45 League T53"]
[Site "Internet Chess Club"]
[Date "2012.06.09"]
[Round "4"]
[White "RD1974"]
[Black "pishd"]
[Result "0-1"]
[WhiteElo "1651"]
[BlackElo "1785"]
[Opening "Caro-Kann: anti-anti-Caro-Kann defense"]
[ECO "B10"]
[Time "13:06:38"]
[TimeControl "2700+45"]

1. e4 c6 2. c4 d5 3. cxd5 cxd5 4. exd5 Nf6 5. Nc3 Nxd5 6. Bb5+ Bd7 7. Qb3 Nb6 8.
Nf3 Bxb5 9. Qxb5+ Qd7 10. Ne5 Qxb5 11. Nxb5 Na6 12. d4 e6 13. a3 Be7 14. Bf4 Nd5
15. Bg3 O-O 16. Rc1 f5 17. f4 Ne3 18. Kf2 Ng4+ 19. Nxg4 fxg4 20. Rhe1 Rf5 21.
Nc7 Nxc7 22. Rxc7 Bf6 23. Ke3 Rd8 24. Rd1 Rfd5 25. Rc4 b5 26. Rcc1 Bxd4+ 27. Ke2
Bxb2 28. Rxd5 exd5 29. Rb1 Bxa3 30. Rxb5 Rd7 31. Bf2 Be7 32. Ra5 d4 33. Ra4 Bf6
34. Kd3 Kf7 35. Ra6 Ke8 36. Be1 Kd8 37. Bb4 Kc8 38. Bc5 Kb8 39. g3 h5 40. Ra4
Ka8 41. Ra6 Rc7 42. Bxd4 Rd7 43. Ra4 Bxd4 44. Rxd4 Rxd4+ 45. Kxd4 Kb7 46. Kc5
Kc7 47. Kb5 Kd6 48. Ka6 Kd5 49. Kxa7 Ke4 50. Kb7 Kf3 51. Kc6 Kg2 52. Kd6 Kxh2
53. Ke6 Kxg3 54. f5 h4 55. Kf7 Kf4 56. Kg6 g3 {White resigns} 0-1

[Event "Team 45 45 League T53"]
[Site "Internet Chess Club"]
[Date "2012.06.13"]
[Round "4"]
[White "chesskilleruk"]
[Black "SlimeDog2"]
[Result "0-1"]
[WhiteElo "2097"]
[BlackElo "2181"]
[Opening "Ruy Lopez: Berlin defense"]
[ECO "C65"]
[Time "21:51:13"]
[TimeControl "2700+45"]

1. e4 e5 2. Nf3 Nc6 3. Bb5 Nf6 4. Qe2 Bc5 5. c3 O-O 6. d3 d6 7. h3 h6 8. O-O Bd7
9. Ba4 Re8 10. Re1 Bb6 11. Bc2 Ne7 12. Nh4 d5 13. Nd2 c6 14. Nf1 g5 15. Nf3 Ng6
16. Be3 dxe4 17. dxe4 Nh5 18. Rad1 Nhf4 19. Qd2 Be6 20. Qxd8 Raxd8 21. Ng3 Kh7
22. Nf5 f6 23. Kh2 Bxf5 24. exf5 Nh4 25. Nxh4 gxh4 26. Bxf4 exf4 27. Rxe8 Rxe8
28. Rd7+ Kh8 29. Rd2 Re1 30. Bd3 Bc7 31. f3 Bb6 32. Rc2 Bg1+ 33. Kh1 Bf2+ 34.
Kh2 Bg3# {White checkmated} 0-1

[Event "Team 45 45 League T53"]
[Site "Internet Chess Club"]
[Date "2012.06.08"]
[Round "4"]
[White "cysk"]
[Black "Logos1"]
[Result "0-1"]
[WhiteElo "1752"]
[BlackElo "1978"]
[Opening "Hungarian defense"]
[ECO "C50"]
[Time "22:12:55"]
[TimeControl "2700+45"]

1. e4 e5 2. Nf3 Nc6 3. Bc4 Be7 4. d4 d6 5. d5 Nb8 6. Bd3 Nf6 7. c4 O-O 8. Nc3
Bg4 9. O-O Nbd7 10. h3 Bh5 11. a3 Nc5 12. Bc2 Bg6 13. Nh4 Bxe4 14. Nxe4 Nfxe4
15. Nf5 a5 16. Qg4 g6 17. Nxe7+ Qxe7 18. Bxe4 f5 19. Bxf5 Rxf5 20. Be3 Nd3 21.
Qe2 Nf4 22. Bxf4 Rxf4 23. b4 Qf7 24. b5 b6 25. a4 Rf8 26. Rac1 Qf5 27. Rc3 Kg7
28. f3 Qg5 29. Kh2 Rd4 {White forfeits on time} 0-1

[Event "Team 45 45 League T53"]
[Site "Internet Chess Club"]
[Date "2012.06.10"]
[Round "4"]
[White "cesaralexander"]
[Black "tenor"]
[Result "1-0"]
[WhiteElo "1917"]
[BlackElo "1780"]
[Opening "QGD: Cambridge Springs defense, Bogolyubov variation"]
[ECO "D52"]
[Time "22:06:19"]
[TimeControl "2700+45"]

1. d4 d5 2. c4 e6 3. Nc3 Nf6 4. Bg5 Nbd7 5. Nf3 c6 6. e3 Qa5 7. Nd2 Bb4 8. Qc2
dxc4 9. Bxf6 Nxf6 10. Nxc4 Qd8 11. Bd3 O-O 12. O-O h6 13. a3 Be7 14. Rfd1 b5 15.
Ne5 Bb7 16. b4 Qb6 17. Ne4 Nxe4 18. Bxe4 Rfc8 19. Bh7+ {Black resigns} 1-0

[Event "Team 45 45 League T53"]
[Site "Internet Chess Club"]
[Date "2012.06.11"]
[Round "4"]
[White "MinnArkie"]
[Black "chesskix"]
[Result "0-1"]
[WhiteElo "1546"]
[BlackElo "1494"]
[Opening "Dutch with c4 & Nc3"]
[ECO "A85"]
[Time "19:30:14"]
[TimeControl "2700+45"]

1. c4 f5 2. d4 Nf6 3. Nc3 e6 4. Nf3 Be7 5. g3 O-O 6. Bg2 d6 7. Bf4 Nh5 8. e3 Nd7
9. b4 Nxf4 10. exf4 Bf6 11. O-O Nb6 12. c5 dxc5 13. bxc5 Nd5 14. Qd2 c6 15. Ne5
Qa5 16. Rfc1 Qd8 17. Bf3 Ne7 18. Bh5 g6 19. Bd1 g5 20. Bh5 Bxe5 21. fxe5 Ng6 22.
Bd1 Nxe5 23. f4 gxf4 24. Qxf4 Ng6 25. Qd6 Qg5 26. Bb3 Qe3+ 27. Kg2 f4 28. Re1
f3+ 29. Kf1 Qd3+ 30. Kf2 Qd2+ 31. Kf1 Qg2# {White checkmated} 0-1

[Event "Team 45 45 League T53"]
[Site "Internet Chess Club"]
[Date "2012.06.10"]
[Round "4"]
[White "julesraider"]
[Black "Tjet"]
[Result "1/2-1/2"]
[WhiteElo "1604"]
[BlackElo "1455"]
[Opening "Old Indian defense"]
[ECO "A42"]
[Time "20:04:25"]
[TimeControl "2700+45"]

1. d4 d6 2. c4 e5 3. Nf3 exd4 4. Qxd4 Nc6 5. Qd1 Nf6 6. Nc3 Be7 7. e3 O-O 8. Be2
Re8 9. O-O Bf8 10. Qc2 a6 11. a3 g6 12. b4 Bg7 13. Bd3 Ne5 14. Nxe5 Rxe5 15. Bb2
Re8 16. Rad1 c6 17. e4 Ng4 18. Rfe1 Ne5 19. Bf1 Bg4 20. Be2 Bxe2 21. Qxe2 Qc7
22. f4 Nd7 23. Qd3 d5 24. cxd5 Qxf4 25. dxc6 Ne5 26. Qe2 Nxc6 27. Nd5 Qb8 28.
Bxg7 Kxg7 29. Qb2+ Qe5 30. Qxe5+ Rxe5 31. Nb6 Rae8 32. Rd7 R8e7 33. Rxe7 Rxe7
34. Kf2 Ne5 35. Kg3 h5 36. Nd5 Rd7 37. Re3 b5 38. Kf4 Nc4 39. Rc3 f6 40. h4 Kf7
41. g4 hxg4 42. Ne3 Nxe3 43. Rxe3 Rd6 44. Kxg4 Re6 45. Kf3 Re5 46. Kg3 f5 47.
Kf4 Kf6 48. Re2 fxe4 49. Rxe4 Rh5 50. Kg4 Rd5 51. Rf4+ Kg7 52. Rf3 Rd4+ 53. Rf4
Rd3 54. Rf3 Rd4+ 55. Kg5 Rd5+ 56. Kg4 Rd4+ 57. Rf4 Rd3 58. Rf3 Rd4+ 59. Rf4 Rd3
60. Rf3 Rd4+ {Game drawn by repetition} 1/2-1/2

[Event "Team 45 45 League T53"]
[Site "Internet Chess Club"]
[Date "2012.06.08"]
[Round "4"]
[White "Sandia"]
[Black "KidRattler"]
[Result "0-1"]
[WhiteElo "1376"]
[BlackElo "1368"]
[Opening "French defense"]
[ECO "C00"]
[Time "09:01:42"]
[TimeControl "2700+45"]

1. e4 e6 2. Nf3 d5 3. exd5 exd5 4. d4 Nf6 5. Bd3 Nc6 6. O-O Bd6 7. Re1+ Be6 8.
Ng5 Qd7 9. Nxe6 fxe6 10. c3 O-O 11. Bg5 e5 12. Bxf6 Rxf6 13. Bb5 exd4 14. Bxc6
Qxc6 15. Qxd4 Qc5 16. Nd2 Raf8 17. Qxc5 Bxc5 18. Nf3 Rd8 19. Re2 Bd6 20. Rae1 h6
21. Re8+ Rxe8 22. Rxe8+ Rf8 23. Rxf8+ Kxf8 24. Nd4 Kf7 25. f3 a6 26. g4 Kf6 27.
h4 Ke5 28. Kg2 Bc5 29. Nf5 Bf8 30. h5 c5 31. Kf2 d4 32. c4 b5 33. cxb5 axb5 34.
Ke2 c4 35. b3 d3+ 36. Kd1 c3 37. Ne3 c2+ 38. Nxc2 dxc2+ 39. Kxc2 Kf4 40. a4 bxa4
41. bxa4 Kxf3 42. a5 Bc5 43. Kc3 Kxg4 44. Kc4 Ba7 45. Kb5 Kxh5 46. Ka6 Bd4 47.
Kb7 g5 48. a6 g4 49. Kc6 g3 {White resigns} 0-1

[Event "Team 45 45 League T53"]
[Site "Internet Chess Club"]
[Date "2012.06.12"]
[Round "4"]
[White "tyler66"]
[Black "dschesq"]
[Result "0-1"]
[WhiteElo "1399"]
[BlackElo "1597"]
[Opening "Sicilian: Steinitz variation"]
[ECO "B20"]
[Time "14:00:09"]
[TimeControl "2700+45"]

1. e4 c5 2. g3 a6 3. Bg2 e6 4. d3 Nc6 5. Nd2 g6 6. Ngf3 Bg7 7. O-O Nge7 8. Re1
d6 9. c3 O-O 10. a4 b6 11. e5 d5 12. d4 Bb7 13. Nb3 cxd4 14. cxd4 Rc8 15. Bd2 a5
16. Bc3 Ba6 17. Nbd2 Nf5 18. Nb1 Nb4 19. Bf1 Bxf1 20. Kxf1 Re8 21. Qd2 Bh6 22.
Qd1 Qd7 23. Na3 Bf8 24. Nc2 b5 25. axb5 Qxb5+ 26. Kg1 Ra8 27. Kg2 Rec8 28. Qe2
Qb6 29. Rec1 Bh6 30. Rd1 Nxc2 31. Qxc2 Qb5 32. Qa4 Qe2 33. Re1 Ne3+ 34. Kg1 Qxf3
35. Bd2 Qg2# {White checkmated} 0-1

[Event "Team 45 45 League T53"]
[Site "Internet Chess Club"]
[Date "2012.06.11"]
[Round "4"]
[White "akshayk06"]
[Black "chesschessboy"]
[Result "0-1"]
[WhiteElo "1429"]
[BlackElo "1390"]
[Opening "QGD: Tartakower (Makagonov-Bondarevsky) system"]
[ECO "D58"]
[Time "13:00:29"]
[TimeControl "2700+45"]

1. d4 d5 2. c4 e6 3. Nc3 Nf6 4. Bg5 Be7 5. Nf3 h6 6. Bh4 O-O 7. e3 b6 8. Bd3
dxc4 9. Bxc4 Nbd7 10. O-O Bb7 11. Bg3 Rc8 12. Rc1 c5 13. Nb5 Ba6 14. Nxa7 Bxc4
15. Rxc4 Ra8 16. Nc6 Qe8 17. Nxe7+ Qxe7 18. dxc5 Nxc5 19. Bd6 Qa7 20. Bxf8 Qxa2
21. Bxc5 Qxc4 22. Bxb6 Nd5 23. Bd4 Ra2 24. Ne5 Qc7 25. Qg4 Nf6 26. Qd1 Ra5 27.
Qc1 Qb7 28. Qc3 Rb5 29. Rc1 Kh7 30. Nxf7 Qxf7 31. Qd3+ Rf5 32. g4 Nxg4 33. h3
Nxf2 34. Qc2 Nxh3+ 35. Kh1 Nf2+ 36. Kg1 Qg6+ 37. Kf1 Nd3+ 38. Ke2 Rf2+ 39. Kd1
Qg1# {White checkmated} 0-1

[Event "Team 45 45 League T53"]
[Site "Internet Chess Club"]
[Date "2012.06.07"]
[Round "4"]
[White "joshq03"]
[Black "Visin"]
[Result "1-0"]
[WhiteElo "1423"]
[BlackElo "1255"]
[Opening "Vienna gambit"]
[ECO "C29"]
[Time "16:32:07"]
[TimeControl "2700+45"]

1. e4 e5 2. Nc3 Nf6 3. f4 exf4 4. e5 Ng8 5. Nf3 d6 6. d4 dxe5 7. Qe2 f6 8. Bxf4
Bd6 9. O-O-O Qe7 10. dxe5 fxe5 11. Nd5 Qf7 12. Ng5 Qg6 13. h4 h5 14. Qe3 Nd7 15.
Bd3 Qh6 16. Nf7 Qe6 17. Nxh8 Ne7 18. Bc4 Nxd5 19. Bxd5 Qf6 20. Bg5 Bc5 21. Qxc5
Nxc5 22. Bxf6 gxf6 23. Rhf1 Bg4 24. Rd2 f5 25. Ng6 c6 26. Bf3 e4 27. Bxg4 fxg4
28. Rf8# {Black checkmated} 1-0

[Event "Team 45 45 League T53"]
[Site "Internet Chess Club"]
[Date "2012.06.19"]
[Round "4"]
[White "clarinetref"]
[Black "nanning"]
[Result "1/2-1/2"]
[WhiteElo "1628"]
[BlackElo "1632"]
[Opening "Caro-Kann: exchange variation"]
[ECO "B13"]
[Time "11:05:52"]
[TimeControl "2700+45"]

1. e4 c6 2. d4 d5 3. exd5 cxd5 4. Bd3 Nc6 5. Be3 Nf6 6. h3 Qb6 7. Qc1 Nb4 8. Be2
Bf5 9. Na3 a6 10. c3 Nd3+ 11. Bxd3 Bxd3 12. Nf3 e6 13. Nc2 Bd6 14. Ne5 Be4 15.
f3 Bf5 16. Kf2 Qc7 17. Bf4 Bxc2 18. Qxc2 Nh5 19. Bh2 f6 20. Ng4 O-O 21. Bxd6
Qxd6 22. Rhe1 Qg3+ 23. Kg1 Nf4 24. Kh1 h5 25. Qf2 h4 26. Qxg3 hxg3 27. Ne3 Kf7
28. Nf1 Nh5 29. Re3 Rfe8 30. Rae1 b5 31. f4 f5 32. Nxg3 Nxf4 33. Rf3 g5 34. h4
gxh4 35. Nxf5 exf5 36. Rxe8 Rxe8 37. Rxf4 Kf6 38. Rxh4 Kg6 39. Kg1 Re1+ 40. Kf2
Ra1 41. a3 Ra2 42. g4 Rxb2+ 43. Kf3 fxg4+ 44. Rxg4+ Kf6 45. Kf4 Rf2+ 46. Ke3 Ra2
47. Rf4+ Ke6 48. Rh4 Rxa3 49. Rh6+ Kf7 50. Kf4 a5 51. Ke5 Rxc3 52. Kxd5 b4 53.
Ra6 Ra3 54. Ra7+ Kf6 55. Kc4 b3 56. Kc3 a4 57. d5 Ke5 58. Ra5 Ra2 59. Rb5 {Game
drawn by mutual agreement} 1/2-1/2

[Event "Team 45 45 League T53"]
[Site "Internet Chess Club"]
[Date "2012.06.10"]
[Round "4"]
[White "tryanything"]
[Black "jjaillet2007"]
[Result "1-0"]
[WhiteElo "1598"]
[BlackElo "1365"]
[Opening "French: advance, Paulsen attack"]
[ECO "C02"]
[Time "18:58:55"]
[TimeControl "2700+45"]

1. e4 e6 2. d4 d5 3. e5 c5 4. c3 Nc6 5. Nf3 cxd4 6. cxd4 Bb4+ 7. Nc3 a6 8. Be2
h6 9. O-O Nge7 10. a3 Bxc3 11. bxc3 O-O 12. a4 f6 13. Bf4 Ng6 14. Bg3 fxe5 15.
dxe5 Qc7 16. Qc2 Ngxe5 17. Nxe5 Nxe5 18. Rfe1 g5 19. Bg4 Qc4 20. Bxe5 Qxg4 21.
Qg6# {Black checkmated} 1-0

[Event "Team 45 45 League T53"]
[Site "Internet Chess Club"]
[Date "2012.06.09"]
[Round "4"]
[White "dpmdpm"]
[Black "JohLeb"]
[Result "0-1"]
[WhiteElo "1511"]
[BlackElo "1429"]
[Opening "Sicilian: closed"]
[ECO "B24"]
[Time "13:02:50"]
[TimeControl "2700+45"]

1. e4 c5 2. Nc3 Nc6 3. g3 d6 4. Bg2 e6 5. d3 g6 6. f4 Bg7 7. Nf3 Nge7 8. Be3 O-O
9. O-O Rb8 10. Qd2 a6 11. Nd1 b6 12. c3 f5 13. exf5 exf5 14. d4 Nd5 15. Bf2 Nf6
16. Qc2 Bb7 17. Ne3 Ne7 18. Rad1 Qc7 19. dxc5 dxc5 20. Rfe1 Be4 21. Qb3+ Kh8 22.
Ne5 h6 23. Bxe4 fxe4 24. g4 Nc6 25. Nxg6+ Kh7 26. Nxf8+ Rxf8 27. Bg3 Na5 28. Qc2
Re8 29. Rd2 b5 30. Qd1 c4 31. h3 Qb6 32. Bf2 Qc7 33. Bg3 Qb6 34. Kg2 Nb7 35. Nf5
Bf8 36. Bf2 Qc7 37. Kg3 Nc5 38. Bxc5 Bxc5 39. Rf1 e3 40. Re2 Ne4+ 41. Kh2 Nd2
42. Nxe3 Bxe3 43. Rxd2 Bxf4+ 44. Rxf4 Qxf4+ 45. Kg1 Qg3+ 46. Kf1 Qxh3+ 47. Kf2
Rf8+ 48. Ke2 Qf3+ 49. Ke1 Qf1# {White checkmated} 0-1

[Event "Team 45 45 League T53"]
[Site "Internet Chess Club"]
[Date "2012.06.11"]
[Round "4"]
[White "theartist"]
[Black "Aquaman"]
[Result "0-1"]
[WhiteElo "1197"]
[BlackElo "1294"]
[Opening "Nimzo-Indian: classical, Milner-Barry (Zurich) variation"]
[ECO "A50"]
[Time "14:31:52"]
[TimeControl "2700+45"]

1. d4 Nf6 2. c4 Nc6 3. Nf3 e6 4. Nc3 Bb4 5. Qc2 d6 6. Bd2 O-O 7. a3 Bxc3 8. Bxc3
Re8 9. e3 e5 10. dxe5 Nxe5 11. Nxe5 dxe5 12. Rd1 Qe7 13. e4 b6 14. Be2 Bb7 15.
O-O Bxe4 16. Bd3 Bxd3 17. Rxd3 Rad8 18. Re3 Nd7 19. Rfe1 f6 20. f4 Qf7 21. fxe5
Qxc4 22. Qf5 Qe6 23. Qxe6+ Rxe6 24. exf6 Rxe3 25. Rxe3 Nxf6 26. Bxf6 gxf6 27.
Re7 Rc8 28. b4 a5 29. bxa5 bxa5 30. Re4 c5 31. Rc4 Kf7 32. g4 Ke6 33. Kf2 Kd5
34. Rf4 Rc6 35. Ra4 Ra6 36. Ke3 c4 37. Kd2 Kc5 38. Kc3 Kb5 39. Rxc4 Re6 40. a4+
Kb6 41. Rf4 h6 42. Kd4 Rd6+ 43. Ke4 Rc6 44. Kd5 Kb7 45. h4 Kc7 46. Rc4 Rxc4 47.
Kxc4 Kc6 48. Kd4 Kd6 49. Ke4 Ke6 50. Kf4 Kf7 51. Kf5 Kg7 52. Ke6 Kg6 53. Kd5 f5
54. gxf5+ Kxf5 55. Kc5 Kg4 56. h5 Kxh5 57. Kb5 Kg4 58. Kxa5 h5 59. Kb6 h4 60. a5
h3 61. a6 h2 62. Kc7 h1=Q 63. a7 Qa8 64. Kb6 Kf4 65. Ka6 Ke5 66. Kb6 Kd6 67. Ka6
Kc7 {White resigns} 0-1

[Event "Team 45 45 League T53"]
[Site "Internet Chess Club"]
[Date "2012.06.11"]
[Round "4"]
[White "Juan73"]
[Black "JRussell2"]
[Result "1-0"]
[WhiteElo "1693"]
[BlackElo "1402"]
[Opening "Giuoco Piano: four knights variation"]
[ECO "C47"]
[Time "19:09:50"]
[TimeControl "2700+45"]

1. e4 e5 2. Nf3 Nc6 3. Nc3 Nf6 4. Bc4 Bc5 5. Na4 Be7 6. d4 Nxe4 7. dxe5 d5 8.
Qxd5 Qxd5 9. Bxd5 Nc5 10. Nxc5 Bxc5 11. Bg5 O-O 12. O-O Bg4 13. a3 Bxf3 14. Bxf3
Nxe5 15. Bxb7 Rab8 16. Bd5 Rxb2 17. Bb3 Bd4 18. Rad1 Bc3 19. Bc1 Rb1 20. a4 Bb2
21. Bxb2 Rxb2 22. Rd5 Nc6 23. Re1 Nb4 24. Rb5 Nxc2 25. Rc1 Rd8 26. Bxf7+ Kxf7
27. Rxb2 Nd4 28. Rxc7+ Kg8 29. f3 Ne6 30. Rxa7 Nf4 31. Rbb7 Ne6 32. Re7 Nf4 33.
Rxg7+ Kh8 34. Rxh7+ Kg8 35. Rag7+ {Black resigns} 1-0

[Event "Team 45 45 League T53"]
[Site "Internet Chess Club"]
[Date "2012.06.09"]
[Round "4"]
[White "BrerRabbit"]
[Black "PANAMA-REY"]
[Result "1-0"]
[WhiteElo "1486"]
[BlackElo "1532"]
[Opening "English: symmetrical variation"]
[ECO "A38"]
[Time "19:01:27"]
[TimeControl "2700+45"]

1. c4 c5 2. g3 Nc6 3. Bg2 Nf6 4. Nf3 g6 5. Nc3 Bg7 6. d4 cxd4 7. Nxd4 O-O 8. O-O
Qc7 9. h3 a6 10. Nf3 d6 11. Be3 Be6 12. Nd5 Bxd5 13. cxd5 Ne5 14. Nxe5 dxe5 15.
Qb3 Rfd8 16. Bb6 Qd7 17. Bxd8 Rxd8 18. e4 Ne8 19. Rac1 Nd6 20. Qe3 Nb5 21. Rc4
Qe8 22. Rfc1 Qf8 23. Qb6 Nd6 24. R4c2 Bh6 25. Rd1 Kg7 26. a4 f5 27. f3 fxe4 28.
fxe4 Rc8 29. Rxc8 Qxc8 30. Qb3 Qc7 31. Re1 Qc5+ 32. Kh2 Nc4 33. Re2 Ne3 34. Qc3
Qb6 35. Qxe5+ Kg8 36. Qxe7 Nxg2 37. Kxg2 Bf8 38. Qe6+ Kh8 39. Qxb6 {Black
resigns} 1-0

[Event "Team 45 45 League T53"]
[Site "Internet Chess Club"]
[Date "2012.06.08"]
[Round "4"]
[White "emilyjuarez"]
[Black "matthewc"]
[Result "1-0"]
[WhiteElo "1274"]
[BlackElo "1377"]
[Opening "QGD"]
[ECO "D52"]
[Time "19:00:34"]
[TimeControl "2700+45"]

1. d4 d5 2. c4 e6 3. Nc3 Nf6 4. Bg5 Nbd7 5. e3 c6 6. Nf3 Bb4 7. Qc2 O-O 8. Bd3
Qa5 9. Bxf6 Nxf6 10. O-O Bxc3 11. bxc3 dxc4 12. Bxc4 Nd5 13. Rfc1 b6 14. Bd3 g6
15. Ne5 c5 16. a3 cxd4 17. cxd4 Ba6 18. Bxa6 Qxa6 19. Qc4 Qb7 20. Qc6 Qa6 21.
Qc4 Qxc4 22. Rxc4 Rfc8 23. Rac1 Ne7 24. Rc7 Rxc7 25. Rxc7 Rc8 26. Rxc8+ Nxc8 27.
Kf1 Kg7 28. Ke2 Kf6 29. Kd3 Nd6 30. e4 Nb5 31. a4 Nc7 32. f4 a5 33. Nd7+ Ke7 34.
Nxb6 f5 35. Nc4 fxe4+ 36. Kxe4 Nd5 37. Ke5 Nc3 38. Nb6 h6 39. d5 exd5 40. Nxd5+
Nxd5 41. Kxd5 Kf6 42. g4 h5 43. h3 g5 44. f5 hxg4 45. hxg4 Ke7 46. Ke5 Kf7 47.
f6 Kf8 48. Kf5 Kf7 49. Kxg5 Kf8 50. Kg6 Kg8 51. g5 Kf8 52. f7 Ke7 53. Kg7 Ke6
54. f8=Q Kd5 55. Qe8 Kc4 56. Qb5+ Kd4 57. Qxa5 Ke4 58. Qb5 Kd4 59. g6 Ke4 60.
Kf7 Kf4 61. g7 Ke4 62. g8=R Ke3 63. Qb4 Kf3 64. Rc8 Ke3 65. Rc3+ Kd2 66. Qb2+
Ke1 67. Rc1# {Black checkmated} 1-0

[Event "Team 45 45 League T53"]
[Site "Internet Chess Club"]
[Date "2012.06.11"]
[Round "4"]
[White "PsyMar"]
[Black "pereelcoix"]
[Result "1/2-1/2"]
[WhiteElo "1306"]
[BlackElo "1120"]
[Opening "Scotch game"]
[ECO "C45"]
[Time "11:00:14"]
[TimeControl "2700+45"]

1. e4 e5 2. Nf3 Nc6 3. d4 exd4 4. Nxd4 Nxd4 5. Qxd4 Qf6 6. Be3 Qxd4 7. Bxd4 d6
8. Nd2 c5 9. Bb5+ Bd7 10. Bxd7+ Kxd7 11. Bc3 Re8 12. O-O-O b5 13. b3 Nf6 14.
Rhe1 Ng4 15. Re2 Nxh2 16. f3 d5 17. Rh1 d4 18. Bb2 Bd6 19. g4 Bf4 20. Rexh2 Bxh2
21. Rxh2 b4 22. a3 h5 23. Rxh5 Rxh5 24. gxh5 bxa3 25. Bxa3 Re5 26. f4 Rxh5 27.
f5 Rh1+ 28. Kb2 Kc6 29. Nc4 f6 30. e5 fxe5 31. Nxe5+ Kb5 32. Nd3 c4 33. bxc4+
Kxc4 34. Bf8 Rg1 35. Ne5+ Kd5 36. Ng6 Ke4 {Game drawn by mutual agreement}
1/2-1/2

[Event "Team 45 45 League T53"]
[Site "Internet Chess Club"]
[Date "2012.06.08"]
[Round "4"]
[White "Patzer4Life"]
[Black "tornado100"]
[Result "1-0"]
[WhiteElo "1409"]
[BlackElo "1317"]
[Opening "Scandinavian defense"]
[ECO "B01"]
[Time "17:00:11"]
[TimeControl "2700+45"]

1. e4 d5 2. exd5 Nf6 3. Nc3 Nxd5 4. Nxd5 Qxd5 5. Qf3 Qxf3 6. Nxf3 Nc6 7. Bb5 e6
8. Ne5 Bd7 9. Bxc6 Bxc6 10. Nxc6 bxc6 11. O-O Bd6 12. d3 O-O 13. b3 Be5 14. Rb1
a5 15. Re1 Bc3 16. Re4 Ra6 17. Rc4 Bf6 18. Bf4 e5 19. Bg3 Re8 20. Re1 Rb6 21. a4
g6 22. Rc5 Ra6 23. Bxe5 Bxe5 24. Rcxe5 Rxe5 25. Rxe5 Kg7 26. f4 Ra7 27. h4 f6
28. Re7+ Kf8 29. Rxh7 Kg8 30. Re7 Rb7 31. Re6 Kg7 32. Rxc6 f5 33. Ra6 Rb4 34. g3
Rb6 35. Rxb6 cxb6 36. Kf2 Kf7 37. Ke3 Ke6 38. Kd4 Kd6 39. c4 Ke6 40. Ke3 Kd6 41.
d4 Kc6 42. Kf3 Kd6 43. g4 Ke6 44. gxf5+ gxf5 45. h5 Kf6 46. Ke3 {Black resigns}
1-0

[Event "Team 45 45 League T53"]
[Site "Internet Chess Club"]
[Date "2012.06.09"]
[Round "4"]
[White "ethan0627"]
[Black "chicopee-ed"]
[Result "0-1"]
[WhiteElo "1276"]
[BlackElo "1309"]
[Opening "Sicilian: Taimanov (Bastrikov) variation"]
[ECO "B47"]
[Time "11:01:15"]
[TimeControl "2700+45"]

1. e4 c5 2. Nf3 e6 3. d4 cxd4 4. Nxd4 Nc6 5. Nc3 Qc7 6. Bc4 a6 7. O-O Na5 8. Bb3
Nxb3 9. axb3 Nf6 10. Bg5 Be7 11. Qd3 O-O 12. Rfe1 h6 13. Bh4 Re8 14. Rad1 b5 15.
Qf3 Bb7 16. h3 Rad8 17. Qe2 b4 18. e5 Nd5 19. Bxe7 Nxe7 20. Na4 Nd5 21. c4 bxc3
22. bxc3 Rc8 23. Qc2 d6 24. exd6 Qxd6 25. c4 Nb4 26. Qc3 a5 27. c5 Qd5 28. Nb6
Qxg2# {White checkmated} 0-1